 Dungeon Crawl Stone Soup version 0.28-a0-630-g0357d9c091 (webtiles) character file.

Game seed: 14611977249595042217

375 Johnny the Chiller (level 6, -4/52 HPs)
             Began as a Draconian Ice Elementalist on Oct 9, 2021.
             Slain by an iguana (6 damage)
             ... on level 4 of the Dungeon.
             The game lasted 00:03:06 (4403 turns).

Johnny the Chiller (Draconian Ice Elementalist)     Turns: 4403, Time: 00:03:07

Health: -4/52      AC: 13    Str: 10    XL:     6   Next: 44%
Magic:  3/11       EV: 12    Int: 18    God:
Gold:   120        SH:  0    Dex: 11    Spells: 5/12 levels left

rFire   . . .      SeeInvis .   k - +4 quarterstaff (chaos)
rCold   . . .      Faith    .   (shield currently unavailable)
rNeg    . . .      Spirit   .   (armour unavailable)
rPois   .          Reflect  .   (helmet restricted)
rElec   .          Harm     .   l - +0 cloak
rCorr   .          Rampage  .   (no gloves)
Will    .....                   (no boots)
Stlth   ++........              (no amulet)
HPRegen 0.17/turn               (no ring)
MPRegen 0.12/turn               (no ring)

@: ice-armoured, freezing walls
A: AC +6, unfitting armour, cold-blooded
a: no special abilities


You were on level 4 of the Dungeon.
You visited 1 branch of the dungeon, and saw 4 of its levels.

You collected 120 gold pieces.

Inventory:

Hand Weapons
 a - a +0 dagger
 k - a +4 quarterstaff of chaos (weapon)
Armour
 l - a +0 cloak (worn)
Magical Staves
 e - a staff of cold
Scrolls
 c - a scroll of teleportation {unknown}
 g - a scroll of identify {unknown}
 i - a scroll of torment {unknown}
 j - a scroll of enchant weapon {unknown}
 m - a scroll of amnesia {unknown}
 n - a scroll of fog {unknown}
Potions
 b - a potion of lignification {unknown}
 d - a potion of heal wounds {unknown}
 f - a potion of berserk rage {unknown}
 h - a potion of mutation {unknown}
 o - a potion of invisibility {unknown}


   Skills:
 + Level 3.9 Fighting
 - Level 1.7 Dodging
 - Level 1.7 Stealth
 + Level 3.9 Spellcasting
 + Level 5.5 Ice Magic


You had 5 spell levels left.
You knew the following spells:

 Your Spells              Type           Power      Damage    Failure   Level
a - Freeze                Ice            92%        1d10      1%          1
b - Frozen Ramparts       Ice            46%        1d6       4%          3
c - Ozocubu's Armour      Ice            23%        N/A       4%          3

Your spell library contained the following spells:

 Spells                   Type           Power      Damage    Failure   Level
 Ensorcelled Hibernation  Hex/Ice        26%        N/A       7%          2
 Tukima's Dance           Hex            3%         N/A       41%         3
 Hailstorm                Conj/Ice       13%        3d5       43%         4


Dungeon Overview and Level Annotations

Branches:
Dungeon (4/15)
 Temple: D:4-7

Altars:

Shops:
D:2 =


Innate Abilities, Weirdness & Mutations

Your plain brown scales are hard. (AC +6)
You cannot fit into any form of body armour.
You are cold-blooded and may be slowed by cold attacks.


Message History

You are too injured to fight recklessly!
You are too injured to fight recklessly!
There is a strange disturbance nearby!
There is a strange disturbance nearby!
Okay, then.
You aren't carrying any items that you can evoke.
Unknown command.
Okay, then.
Casting: Frozen Ramparts (dangerous; 4% risk of failure)
Confirm with . or Enter, or press ? or * to list all spells.
A film of ice covers your body! Something bites you!
* * * LOW HITPOINT WARNING * * *
Something completely misses you.
Casting: Ozocubu's Armour (dangerous; 4% risk of failure)
Confirm with . or Enter, or press ? or * to list all spells.
You can't see any susceptible monsters within range! (Use Z to cast anyway.)
Aiming: Freeze (safe; 1% risk of failure)
Press: ? - help, Q - select action, (/) - cycle Shift-Dir - straight line, f - you
Okay, then.
Casting: Freeze (safe; 1% risk of failure)
Confirm with . or Enter, or press ? or * to list all spells.
Casting: Frozen Ramparts (dangerous; 4% risk of failure)
Press: ? - help, Dir - look around, f - activate The walls around you are covered in ice.
The wall freezes something but does no damage.
Something bites you but does no damage.
Casting: Frozen Ramparts (dangerous; 4% risk of failure)
Confirm with . or Enter, or press ? or * to list all spells.
Aiming: Freeze (safe; 1% risk of failure)
Press: ? - help, Shift-Dir - straight line You freeze something.
The wall freezes something.
Something bites you but does no damage.
The wall freezes something but does no damage.
Something bites you but does no damage.
Casting: Freeze (safe; 1% risk of failure)
Confirm with . or Enter, or press ? or * to list all spells.
Aiming: Freeze (safe; 1% risk of failure)
Press: ? - help, Shift-Dir - straight line You freeze something!
The wall freezes something.
Something bites you.
You die...

............#
##...###....#
#... #....#
...o #...$#
#....##
#.....#
#.....#
#.....#
#.@#### #.{#
..... #......
#...?...
#........
#.........
#..........


There were no monsters in sight!

Vanquished Creatures
  2 orc priests (D:3)
  Crazy Yiuf (D:2)
  A bullfrog skeleton (D:4)
  Jessica (D:3)
  Natasha (twice) (D:3)
  Terence (D:3)
  A hound skeleton (D:2)
  7 adders
  A worm (D:2)
  3 dart slugs
  9 orcs
  4 endoplasms
  5 giant cockroaches
  4 goblins
  3 hobgoblins
  7 jackals
  3 kobolds
  5 quokkas
  4 ball pythons
  5 bats
  A frilled lizard (D:2)
  5 rats
75 creatures vanquished.

Notes
Turn   | Place    | Note
-------+----------+-------------------------------------------
     0 | D:1      | Johnny the Draconian Ice Elementalist began the quest for
                  | the Orb.
     0 | D:1      | Reached XP level 1. HP: 14/14 MP: 3/3
   425 | D:1      | Reached XP level 2. HP: 20/22 MP: 3/5
   478 | D:1      | Reached skill level 1 in Fighting
   991 | D:1      | Reached XP level 3. HP: 28/28 MP: 6/6
  1430 | D:1      | Learned a level 3 spell: Frozen Ramparts
  1434 | D:1      | Learned a level 3 spell: Ozocubu's Armour
  1807 | D:2      | Reached XP level 4. HP: 36/36 MP: 6/8
  1975 | D:2      | Found Abeloff's Jewellery Boutique.
  2358 | D:2      | Found a runed translucent door.
  2359 | D:2      | Noticed Crazy Yiuf
  2367 | D:2      | Killed Crazy Yiuf
  2618 | D:3      | Reached XP level 5. HP: 37/44 MP: 9/9
  2712 | D:3      | Reached skill level 5 in Ice Magic
  3185 | D:3      | Noticed Terence
  3193 | D:3      | Killed Terence
  3303 | D:3      | Noticed Natasha
  3309 | D:3      | Killed Natasha
  3310 | D:3      | Reached XP level 6. HP: 51/51 MP: 11/11
  3693 | D:3      | Noticed Jessica
  3697 | D:3      | Killed Jessica
  3983 | D:3      | Noticed Natasha
  3991 | D:3      | Killed Natasha
  4400 | D:4      | HP: 1/52 [something (8)]
  4403 | D:4      | Slain by an iguana

Illustrated notes

Levels and vault maps discovered:
D:1:      tarquinn_simple_flora_water_d, layout_basic
D:2:      layout_loops_ring, serial_shops, shop, uniq_crazy_yiuf_cottage
D:3:      layout_basic, uniq_terence, uniq_natasha, uniq_jessica
D:4:      layout_gridville, kennysheep_orc_sif_temple

Skill      XL: |  1  2  3  4  5 |
---------------+----------------+-----
Fighting       | 1 2 3 |  3.9
Spellcasting   | 3 |  3.9
Ice Magic      | 5 |  5.5
Dodging        | |  1.7
Stealth        | |  1.7

Action                   |  1- 3 |  4- 6 || total
-------------------------+-------+-------++-------
Melee: Unarmed           |    37 |       ||    37
       Dagger            |    61 |    57 ||   118
       Tailslap          |     6 |    10 ||    16
       Quarterstaff      |       |    67 ||    67
 Cast: Freeze            |    28 |    12 ||    40
       Frozen Ramparts   |       |     7 ||     7
       Ozocubu's Armour  |       |     2 ||     2
 Stab: Sleeping          |     6 |     4 ||    10
Armor: Skin              |    38 |    41 ||    79
Dodge: Dodged            |    88 |    86 ||   174

Table legend: (Time is in decaauts)
 A = Elapsed time spent in this place.
 B = Non-inter-level travel time spent in this place.
 C = Inter-level travel time spent in this place.
 D = Time resting spent in this place.
 E = Time spent auto-exploring this place.
 F = Levels seen in this place.
 G = Mean time per level.
                   A        B        C        D        E       F      G
               +--------+--------+--------+--------+--------+-----+--------+
         Total |   4424 |   4328 |     96 |    710 |   2960 |   4 | 1106.0 |
       Dungeon |   4424 |   4328 |     96 |    710 |   2960 |   4 | 1106.0 |
               +--------+--------+--------+--------+--------+-----+--------+

Top non-repeatable levels by time:
     D:2: 1521 daAuts
     D:1: 1305 daAuts
     D:3: 1271 daAuts
     D:4: 326 daAuts
